AoeStats
← gnitaek

Nomad

509734894Analyzed
4v4 RM · 4d ago on Sep 27, 2026· 45m 52s· 8 players
Game mode
Random Map
Map size
231×231
Population
200
Speed
Normal
Resources
Standard
Victory
Conquest
Starting age
Dark Age
Ending age
Imperial Age
RankedLock teamsTeams togetherTeam positionsShared explorationLock speedFull tech treeHidden civsTurbo modeCheats
Victory
Defeat
🇧🇾 Lithuanians · Belarus
1256
+16
🇹🇷 Tatars · Türkiye
1215
+17
🇨🇱 Ethiopians · Chile
1195
+18
🇧🇾 Bengalis · Belarus
1148
+20
🇮🇪 Slavs · Ireland
1334
-21
🇮🇪 Portuguese · Ireland
1242
-18
🇮🇪 Bulgarians · Ireland
1241
-18
🇮🇪 Burgundians · Ireland
1162
-14
UnCLeMaRcH
5:42 Loom
15:16 Feudal Age
20:04 Double-Bit Axe
21:09 Forging
21:05 Scale Barding Armor
23:42 Castle Age
23:35 Bloodlines
23:24 Gold Mining
23:28 Stone Mining
24:42 Husbandry
25:10 Bow Saw
25:25 Chain Barding Armor
26:18 Medium Warships
29:12 Iron Casting
28:27 Fletching
31:57 Horse Collar
33:56 Wheelbarrow
33:07 Town Watch
37:09 Imperial Age
36:38 Silk Armor
37:21 Elite Steppe Lancer
39:18 Blast Furnace
38:54 Plate Barding Armor
38:15 Bodkin Arrow
38:23 Heavy Plow
39:18 Heavy Warships
39:23 Conscription
43:23 Crop Rotation
43:35 Bracer
44:56 Hand Cart
Turmaliner
6:10 Loom
13:14 Feudal Age
18:21 Castle Age
17:43 Double-Bit Axe
26:52 Forging
26:54 Bloodlines
26:51 Stone Mining
27:24 Gold Mining
30:00 Iron Casting
30:42 Husbandry
31:04 Bow Saw
31:45 Horse Collar
32:44 Wheelbarrow
33:15 Scale Barding Armor
33:49 Hand Cart
37:03 Imperial Age
37:13 Fishing Lines
38:10 Conscription
39:14 Chain Barding Armor
41:03 Cavalier
44:16 Plate Barding Armor
43:51 Heavy Plow
44:58 Murder Holes
45:25 Ballistics
46:32 Two-Man Saw
balas351
6:27 Loom
14:51 Feudal Age
16:19 Double-Bit Axe
19:43 Castle Age
18:09 Forging
20:37 Medium Warships
32:09 Gold Mining
37:04 Sanctity
36:58 Fervor
39:14 Redemption
Chelowolf
5:04 Loom
13:38 Feudal Age
21:01 Castle Age
19:45 Fletching
21:25 Crossbowman
22:02 Bodkin Arrow
22:46 Padded Archer Armor
25:15 Ballistics
25:00 Double-Bit Axe
28:47 Thumb Ring
31:19 Town Watch
Runtime
4:30 Loom
14:36 Feudal Age
20:08 Fletching
24:10 Castle Age
25:05 Bloodlines
25:46 Medium Warships
26:16 Scale Barding Armor
33:37 Husbandry
36:31 Horse Collar
42:09 Light Cavalry
42:46 Pikeman
44:55 Chain Barding Armor
47:39 Imperial Age
Darkham
3:25 Loom
13:57 Feudal Age
15:17 Wheelbarrow
14:49 Double-Bit Axe
19:57 Castle Age
18:32 Bow Saw
18:57 Horse Collar
21:46 Hand Cart
22:20 Husbandry
24:05 Cavalier
28:03 Scale Barding Armor
28:00 Scale Mail Armor
28:15 Forging
47:52 Imperial Age
gnitaek
5:37 Loom
14:36 Feudal Age
15:57 Arson
16:40 Scale Mail Armor
16:51 Forging
19:00 Fletching
26:35 Castle Age
26:52 Pikeman
27:55 Chain Mail Armor
38:26 Fishing Lines
39:59 Wheelbarrow
42:36 Bodkin Arrow
47:22 Imperial Age
berserker-latko
4:08 Loom
14:13 Feudal Age
23:24 Castle Age
22:31 Fletching
24:18 Medium Warships
35:22 Sanctity
35:30 Double-Bit Axe
40:28 Atonement
43:22 Pikeman
Connection lost

Rejoining the realm…

Still unreachable

The connection could not be restored.

Session expired

The server has moved on; the page needs a fresh start.